Avalanche vs Thrashers

Created - February 12 2007 at 18:34

Goals
1 2 3 T
Avalanche 1 0 0 1
Thrashers 3 1 0 4
Shots
1 2 3 T
Avalanche 17 10 5 32
Thrashers 9 8 16 33

Period #1

1. Thrashers , Ilya Kovalchuk 26 (Niko Kapanen, Garnet Exelby) at 2:13
2. Thrashers , Andy Sutton 5 (Ilya Kovalchuk, Robert Lang) at 3:47 (PP)
3. Thrashers , Marian Hossa 16 (Philippe Boucher, Alexander Frolov) at 6:16
4. Avalanche , Ales Kotalik 8 (Pierre Turgeon, Ossi Vaananen) at 17:46 (PP)

Penalities :
Alexei Zhitnik (COL) for Diving (Minor) at 3:26, Garnet Exelby (ATL) for High sticking (Minor) at 7:51, Greg de Vries (ATL) for Roughing (Minor) at 10:16, Garnet Exelby (ATL) for Holding (Minor) at 12:53, Scott Mellanby (ATL) for Elbowing (Minor) at 17:26

Period #2

5. Thrashers , Ilya Kovalchuk 27 (Bobby Holik, Braydon Coburn) at 5:44 (PP)

Penalities :
Alexei Zhitnik (COL) for Roughing (Minor) at 3:32, Martin Biron (COL) for Slashing (Minor) at 3:56 - Vyacheslav Kozlov served the penalty., Jordan Leopold (COL) for Checking from behind (Major) at 7:17, Vitaly Vishnevski (ATL) for Cross-checking (Minor) at 12:37, Marian Hossa (ATL) for Hooking (Minor) at 15:22

Period #3

No Goal

Penalities :
Ossi Vaananen (COL) for High sticking (Minor) at 2:32, Marian Hossa (ATL) for Interference (Minor) at 7:34, Garnet Exelby (ATL) for Elbowing (Minor) at 11:53, Jaroslav Spacek (COL) for Clipping (Minor) at 17:14

Goalie Stats

Martin Biron (COL), 29 saves from 33 shots - (0.879), L, 10-7-2, 60:00 minutes
Kari Lehtonen (ATL), 31 saves from 32 shots - (0.969), W, 17-8-4, 60:00 minutes

Players Stats

Avalanche
Player Name              G  A  P  +/- PIM S  H  SB FO MP 
-----------------------------------------------------------
Ales Kotalik             1  0  1   0  0   2  2  1  1  19 
Alexei Zhitnik           0  0  0  -1  4   0  2  1  0  23 
Brett Clark              0  0  0   0  0   3  0  1  0  24 
Brett McLean             0  0  0   0  0   2  0  0  10 9  
Derek Armstrong          0  0  0   0  0   0  1  0  10 9  
Jaroslav Spacek          0  0  0  -1  2   0  2  0  0  16 
Joe Sakic                0  0  0  -1  0   4  0  0  30 23 
Jordan Leopold           0  0  0  -1  5   0  0  2  0  22 
Karlis Skrastins         0  0  0  -1  0   1  0  0  0  20 
Marek Svatos             0  0  0  -1  0   2  1  0  1  19 
Mike York                0  0  0  -1  0   3  0  0  9  22 
Ossi Vaananen            0  1  1   0  2   0  0  1  0  20 
Pavel Vorobiev           0  0  0   0  0   2  0  0  1  5  
Peter Bondra             0  0  0  -1  0   2  0  0  0  13 
Pierre Turgeon           0  1  1  -1  0   2  1  0  28 18 
Steve Konowalchuk        0  0  0   0  0   2  0  0  1  11 
Vyacheslav Kozlov        0  0  0   0  0   3  0  0  1  20 
Wojtek Wolski            0  0  0  -1  0   4  1  1  0  13 
Thrashers
Player Name              G  A  P  +/- PIM S  H  SB FO MP 
-----------------------------------------------------------
Alexander Frolov         0  1  1   1  0   4  0  0  2  25 
Andrew Brunette          0  0  0   0  0   2  0  1  0  18 
Andy Sutton              1  0  1   0  0   1  1  1  0  18 
Bobby Holik              0  1  1   1  0   0  1  0  24 17 
Braydon Coburn           0  1  1   1  0   0  0  1  0  16 
Garnet Exelby            0  1  1   1  6   1  2  1  0  11 
Greg de Vries            0  0  0   0  2   0  0  1  0  18 
Ilya Kovalchuk           2  1  3   1  0   7  1  0  4  25 
J.P. Vigier              0  0  0   0  0   0  0  0  0  0  
Jason Williams           0  0  0   0  0   3  2  0  18 18 
Jim Slater               0  0  0   0  0   1  0  0  1  4  
Marian Hossa             1  0  1   1  4   3  1  0  1  21 
Niclas Havelid           0  0  0   0  0   0  0  1  0  24 
Niko Kapanen             0  1  1   1  0   3  0  0  13 12 
Philippe Boucher         0  1  1   1  0   1  0  4  0  23 
Robert Lang              0  1  1   0  0   5  0  1  28 20 
Scott Mellanby           0  0  0   1  2   2  0  0  1  18 
Vitaly Vishnevski        0  0  0   1  2   0  1  1  0  15 

3 Stars

1 - Ilya Kovalchuk (ATL)
2 - Kari Lehtonen (ATL)
3 - Marian Hossa (ATL)

Power Play

Avalanche - 1 on 8 Attempt(s) - 12.50%
Thrashers - 2 on 5 Attempt(s) - 40.00%

Penalty Kill

Avalanche - 3 on 5 Attempt(s) - 60.00% - Score 0 goal in Penalty Kill
Thrashers - 7 on 8 Attempt(s) - 87.50% - Score 0 goal in Penalty Kill

Game Notes

No Game Note

Finance

Level 1 -- Attendance: 5495 (91.58%) -- Ticket Income $412,125.00
Level 2 -- Attendance: 4288 (85.75%) -- Ticket Income $214,400.00
Level 3 -- Attendance: 1644 (64.62%) -- Ticket Income $57,540.00
Level 4 -- Attendance: 3538 (88.46%) -- Ticket Income $70,760.00
Luxury Box -- Attendance: 1000 (100.00%) -- Ticket Income $150,000.00
Game was played at the Philips Arena
Total Attendance: 15965 (86.09%)
Total Ticket Income: $972,093.40
Other Income: $52,372.30
Total Income: $1,024,465.00


Play by Play

Period #1

0:01 of 1st period - Robert Lang wins face-off versus Joe Sakic in neutral zone.
0:11 of 1st period - Icing by Jordan Leopold.
0:12 of 1st period - Jason Williams wins face-off versus Joe Sakic in Avalanche zone.
0:37 of 1st period - Shot by Joe Sakic.
0:37 of 1st period - Stopped by Kari Lehtonen without a rebound.
0:38 of 1st period - Robert Lang wins face-off versus Derek Armstrong in Thrashers zone.
0:54 of 1st period - Marian Hossa is hit by Derek Armstrong and loses puck.
1:16 of 1st period - Shot by Derek Armstrong.
1:16 of 1st period - Shot Blocked by Robert Lang.
1:17 of 1st period - Shot by Brett Clark.
1:17 of 1st period - Stopped by Kari Lehtonen without a rebound.
1:18 of 1st period - Jason Williams wins face-off versus Pierre Turgeon in Thrashers zone.
1:40 of 1st period - Icing by Wojtek Wolski.
1:41 of 1st period - Pierre Turgeon wins face-off versus Niko Kapanen in Avalanche zone.
2:07 of 1st period - Scott Mellanby is hit by Jaroslav Spacek and loses puck.
2:13 of 1st period - Shot by Niko Kapanen.
2:13 of 1st period - Goal by Ilya Kovalchuk - Avalanche : 0 - Thrashers : 1.
2:14 of 1st period - Bobby Holik wins face-off versus Joe Sakic in neutral zone.
2:16 of 1st period - Marian Hossa is hit by Alexei Zhitnik and loses puck.
3:01 of 1st period - Icing by Mike York.
3:02 of 1st period - Joe Sakic wins face-off versus Jason Williams in Avalanche zone.
3:26 of 1st period - Minor Penalty to Alexei Zhitnik for Diving.
3:27 of 1st period - Steve Konowalchuk wins face-off versus Ilya Kovalchuk in Avalanche zone.
3:46 of 1st period - Shot by Ilya Kovalchuk.
3:46 of 1st period - Shot Misses the Net.
3:47 of 1st period - Shot by Andy Sutton.
3:47 of 1st period - Goal by Andy Sutton - Avalanche : 0 - Thrashers : 2.
3:48 of 1st period - Pierre Turgeon wins face-off versus Niko Kapanen in neutral zone.
3:53 of 1st period - Shot by Peter Bondra.
3:53 of 1st period - Shot Hit the Post.
4:06 of 1st period - Shot by Peter Bondra.
4:06 of 1st period - Shot Misses the Net.
4:09 of 1st period - Shot by Peter Bondra.
4:09 of 1st period - Shot Misses the Net.
4:25 of 1st period - Wojtek Wolski is hit by Garnet Exelby and loses puck.
4:49 of 1st period - Shot by Derek Armstrong.
4:49 of 1st period - Shot Misses the Net.
5:36 of 1st period - Shot by Marek Svatos.
5:36 of 1st period - Shot Misses the Net.
6:11 of 1st period - Shot by Alexander Frolov.
6:11 of 1st period - Shot Blocked by Alexei Zhitnik.
6:16 of 1st period - Shot by Marian Hossa.
6:16 of 1st period - Goal by Marian Hossa - Avalanche : 0 - Thrashers : 3.
6:17 of 1st period - Robert Lang wins face-off versus Pierre Turgeon in neutral zone.
7:07 of 1st period - Marian Hossa is hit by Ales Kotalik and loses puck.
7:23 of 1st period - Shot by Scott Mellanby.
7:23 of 1st period - Stopped by Martin Biron without a rebound.
7:24 of 1st period - Brett McLean wins face-off versus Niko Kapanen in Avalanche zone.
7:51 of 1st period - Shot by Steve Konowalchuk.
7:51 of 1st period - Stopped by Kari Lehtonen with a rebound.
7:51 of 1st period - Minor Penalty to Garnet Exelby for High sticking.
7:52 of 1st period - Pierre Turgeon wins face-off versus Bobby Holik in Thrashers zone.
8:08 of 1st period - Icing by Mike York.
8:09 of 1st period - Bobby Holik wins face-off versus Pierre Turgeon in Avalanche zone.
8:13 of 1st period - Icing by Ales Kotalik.
8:14 of 1st period - Pierre Turgeon wins face-off versus Robert Lang in Avalanche zone.
9:49 of 1st period - Shot by Mike York.
9:49 of 1st period - Stopped by Kari Lehtonen without a rebound.
9:50 of 1st period - Joe Sakic wins face-off versus Robert Lang in Thrashers zone.
10:16 of 1st period - Minor Penalty to Greg de Vries for Roughing.
10:17 of 1st period - Joe Sakic wins face-off versus Bobby Holik in Thrashers zone.
10:20 of 1st period - Shot by Vyacheslav Kozlov.
10:20 of 1st period - Shot Misses the Net.
10:33 of 1st period - Shot by Vyacheslav Kozlov.
10:33 of 1st period - Stopped by Kari Lehtonen without a rebound.
10:34 of 1st period - Bobby Holik wins face-off versus Mike York in Thrashers zone.
11:17 of 1st period - Shot by Marek Svatos.
11:17 of 1st period - Shot Misses the Net.
11:20 of 1st period - Shot by Marek Svatos.
11:20 of 1st period - Stopped by Kari Lehtonen without a rebound.
11:21 of 1st period - Bobby Holik wins face-off versus Vyacheslav Kozlov in Thrashers zone.
12:08 of 1st period - Shot by Ales Kotalik.
12:08 of 1st period - Shot Blocked by Philippe Boucher.
12:11 of 1st period - Shot by Mike York.
12:11 of 1st period - Stopped by Kari Lehtonen without a rebound.
12:12 of 1st period - Bobby Holik wins face-off versus Brett McLean in Thrashers zone.
12:31 of 1st period - Shot by Jason Williams.
12:31 of 1st period - Stopped by Martin Biron without a rebound.
12:32 of 1st period - Niko Kapanen wins face-off versus Pierre Turgeon in Avalanche zone.
12:33 of 1st period - Shot by Ilya Kovalchuk.
12:33 of 1st period - Shot Misses the Net.
12:35 of 1st period - Icing by Jaroslav Spacek.
12:36 of 1st period - Pierre Turgeon wins face-off versus Niko Kapanen in Avalanche zone.
12:36 of 1st period - Peter Bondra is hit by Garnet Exelby and loses puck.
12:53 of 1st period - Minor Penalty to Garnet Exelby for Holding.
12:54 of 1st period - Bobby Holik wins face-off versus Joe Sakic in Thrashers zone.
12:54 of 1st period - Philippe Boucher is hit by Marek Svatos and loses puck.
13:10 of 1st period - Shot by Joe Sakic.
13:10 of 1st period - Shot Misses the Net.
13:13 of 1st period - Shot by Vyacheslav Kozlov.
13:13 of 1st period - Stopped by Kari Lehtonen with a rebound.
13:14 of 1st period - Shot by Brett Clark.
13:14 of 1st period - Stopped by Kari Lehtonen without a rebound.
13:15 of 1st period - Pierre Turgeon wins face-off versus Alexander Frolov in Thrashers zone.
13:28 of 1st period - Shot by Pierre Turgeon.
13:28 of 1st period - Stopped by Kari Lehtonen with a rebound.
13:31 of 1st period - Shot by Mike York.
13:31 of 1st period - Shot Misses the Net.
13:32 of 1st period - Shot by Pierre Turgeon.
13:32 of 1st period - Stopped by Kari Lehtonen without a rebound.
13:33 of 1st period - Joe Sakic wins face-off versus Bobby Holik in Thrashers zone.
13:50 of 1st period - Shot by Robert Lang.
13:50 of 1st period - Stopped by Martin Biron with a rebound.
14:51 of 1st period - Shot by Pierre Turgeon.
14:51 of 1st period - Stopped by Kari Lehtonen without a rebound.
14:52 of 1st period - Brett McLean wins face-off versus Alexander Frolov in Thrashers zone.
15:02 of 1st period - Ilya Kovalchuk is hit by Wojtek Wolski and loses puck.
15:45 of 1st period - Pavel Vorobiev is hit by Jason Williams and loses puck.
15:57 of 1st period - Shot by Brett Clark.
15:57 of 1st period - Stopped by Kari Lehtonen without a rebound.
15:58 of 1st period - Joe Sakic wins face-off versus Bobby Holik in Thrashers zone.
16:59 of 1st period - Shot by Peter Bondra.
16:59 of 1st period - Shot Misses the Net.
17:00 of 1st period - Shot by Karlis Skrastins.
17:00 of 1st period - Stopped by Kari Lehtonen without a rebound.
17:01 of 1st period - Derek Armstrong wins face-off versus Niko Kapanen in Thrashers zone.
17:10 of 1st period - Shot by Robert Lang.
17:10 of 1st period - Shot Blocked by Ossi Vaananen.
17:26 of 1st period - Minor Penalty to Scott Mellanby for Elbowing.
17:27 of 1st period - Pierre Turgeon wins face-off versus Bobby Holik in Thrashers zone.
17:46 of 1st period - Shot by Ales Kotalik.
17:46 of 1st period - Goal by Ales Kotalik - Avalanche : 1 - Thrashers : 3.
17:47 of 1st period - Jason Williams wins face-off versus Brett McLean in neutral zone.
18:02 of 1st period - Shot by Pavel Vorobiev.
18:02 of 1st period - Shot Misses the Net.
18:05 of 1st period - Shot by Steve Konowalchuk.
18:05 of 1st period - Shot Hit the Post.
18:08 of 1st period - Shot by Steve Konowalchuk.
18:08 of 1st period - Shot Blocked by Niclas Havelid.
18:09 of 1st period - Shot by Brett McLean.
18:09 of 1st period - Stopped by Kari Lehtonen without a rebound.
18:10 of 1st period - Bobby Holik wins face-off versus Pierre Turgeon in Thrashers zone.
18:23 of 1st period - Shot by Wojtek Wolski.
18:23 of 1st period - Stopped by Kari Lehtonen with a rebound.
19:20 of 1st period - Shot by Ilya Kovalchuk.
19:20 of 1st period - Stopped by Martin Biron without a rebound.
19:21 of 1st period - Jason Williams wins face-off versus Derek Armstrong in Avalanche zone.
19:22 of 1st period - Shot by Ilya Kovalchuk.
19:22 of 1st period - Shot Misses the Net.
19:41 of 1st period - Shot by Ilya Kovalchuk.
19:41 of 1st period - Stopped by Martin Biron with a rebound.
19:42 of 1st period - Shot by Andrew Brunette.
19:42 of 1st period - Stopped by Martin Biron without a rebound.
19:43 of 1st period - Joe Sakic wins face-off versus Robert Lang in Avalanche zone.
19:59 of 1st period - Icing by Andy Sutton.

Period #2

0:01 of 2nd period - Joe Sakic wins face-off versus Robert Lang in neutral zone.
0:15 of 2nd period - Joe Sakic is hit by Andy Sutton and loses puck.
0:50 of 2nd period - Icing by Marek Svatos.
0:51 of 2nd period - Joe Sakic wins face-off versus Jason Williams in Avalanche zone.
1:09 of 2nd period - Greg de Vries is hit by Ales Kotalik and loses puck.
1:17 of 2nd period - Shot by Derek Armstrong.
1:17 of 2nd period - Shot Blocked by Andrew Brunette.
1:18 of 2nd period - Shot by Vyacheslav Kozlov.
1:18 of 2nd period - Stopped by Kari Lehtonen without a rebound.
1:19 of 2nd period - Niko Kapanen wins face-off versus Pierre Turgeon in Thrashers zone.
1:27 of 2nd period - Ilya Kovalchuk is hit by Jaroslav Spacek and loses puck.
1:30 of 2nd period - Icing by Jaroslav Spacek.
1:31 of 2nd period - Pierre Turgeon wins face-off versus Bobby Holik in Avalanche zone.
3:31 of 2nd period - Ilya Kovalchuk is hit by Alexei Zhitnik and loses puck.
3:32 of 2nd period - Minor Penalty to Alexei Zhitnik for Roughing.
3:33 of 2nd period - Mike York wins face-off versus Robert Lang in neutral zone.
3:56 of 2nd period - Shot by Alexander Frolov.
3:56 of 2nd period - Stopped by Martin Biron without a rebound.
3:56 of 2nd period - Minor Penalty to Martin Biron for Slashing.
3:57 of 2nd period - Robert Lang wins face-off versus Joe Sakic in Avalanche zone.
4:12 of 2nd period - Shot by Alexander Frolov.
4:12 of 2nd period - Stopped by Martin Biron without a rebound.
4:13 of 2nd period - Jim Slater wins face-off versus Joe Sakic in Avalanche zone.
5:19 of 2nd period - Off-side.
5:20 of 2nd period - Joe Sakic wins face-off versus Bobby Holik in neutral zone.
5:39 of 2nd period - Shot by Scott Mellanby.
5:39 of 2nd period - Stopped by Martin Biron with a rebound.
5:44 of 2nd period - Shot by Ilya Kovalchuk.
5:44 of 2nd period - Goal by Ilya Kovalchuk - Avalanche : 1 - Thrashers : 4.
5:45 of 2nd period - Niko Kapanen wins face-off versus Pierre Turgeon in neutral zone.
6:20 of 2nd period - Shot by Peter Bondra.
6:20 of 2nd period - Stopped by Kari Lehtonen without a rebound.
6:21 of 2nd period - Brett McLean wins face-off versus Robert Lang in Thrashers zone.
6:24 of 2nd period - Shot by Steve Konowalchuk.
6:24 of 2nd period - Shot Misses the Net.
6:25 of 2nd period - Shot by Pavel Vorobiev.
6:25 of 2nd period - Stopped by Kari Lehtonen without a rebound.
6:26 of 2nd period - Brett McLean wins face-off versus Robert Lang in Thrashers zone.
6:51 of 2nd period - Shot by Steve Konowalchuk.
6:51 of 2nd period - Stopped by Kari Lehtonen without a rebound.
6:52 of 2nd period - Joe Sakic wins face-off versus Jason Williams in Thrashers zone.
7:15 of 2nd period - Shot by Mike York.
7:15 of 2nd period - Shot Blocked by Greg de Vries.
7:17 of 2nd period - Major Penalty to Jordan Leopold for Checking from behind.
7:18 of 2nd period - Mike York wins face-off versus Ilya Kovalchuk in Thrashers zone.
10:21 of 2nd period - Shot by Ilya Kovalchuk.
10:21 of 2nd period - Stopped by Martin Biron without a rebound.
10:22 of 2nd period - Jason Williams wins face-off versus Mike York in Avalanche zone.
10:29 of 2nd period - Shot by Ilya Kovalchuk.
10:29 of 2nd period - Shot Hit the Post.
11:18 of 2nd period - Shot by Bobby Holik.
11:18 of 2nd period - Shot Blocked by Ales Kotalik.
11:29 of 2nd period - Shot by Niko Kapanen.
11:29 of 2nd period - Stopped by Martin Biron without a rebound.
11:30 of 2nd period - Mike York wins face-off versus Bobby Holik in Avalanche zone.
11:41 of 2nd period - Shot by Niko Kapanen.
11:41 of 2nd period - Shot Blocked by Brett Clark.
11:44 of 2nd period - Shot by Jim Slater.
11:44 of 2nd period - Stopped by Martin Biron without a rebound.
11:45 of 2nd period - Mike York wins face-off versus Jason Williams in Avalanche zone.
12:25 of 2nd period - Peter Bondra is hit by Vitaly Vishnevski and loses puck.
12:37 of 2nd period - Shot by Wojtek Wolski.
12:37 of 2nd period - Stopped by Kari Lehtonen without a rebound.
12:37 of 2nd period - Minor Penalty to Vitaly Vishnevski for Cross-checking.
12:38 of 2nd period - Bobby Holik wins face-off versus Pierre Turgeon in Thrashers zone.
12:39 of 2nd period - Joe Sakic wins face-off versus Bobby Holik in Thrashers zone.
13:04 of 2nd period - Shot by Joe Sakic.
13:04 of 2nd period - Shot Blocked by Philippe Boucher.
13:07 of 2nd period - Shot by Vyacheslav Kozlov.
13:07 of 2nd period - Shot Blocked by Philippe Boucher.
13:08 of 2nd period - Shot by Alexei Zhitnik.
13:08 of 2nd period - Shot Hit the Post.
13:40 of 2nd period - Off-side.
13:41 of 2nd period - Pierre Turgeon wins face-off versus Robert Lang in neutral zone.
13:46 of 2nd period - Shot by Mike York.
13:46 of 2nd period - Stopped by Kari Lehtonen without a rebound.
13:47 of 2nd period - Joe Sakic wins face-off versus Robert Lang in Thrashers zone.
13:52 of 2nd period - Shot by Marek Svatos.
13:52 of 2nd period - Stopped by Kari Lehtonen without a rebound.
13:53 of 2nd period - Pierre Turgeon wins face-off versus Robert Lang in Thrashers zone.
14:57 of 2nd period - Icing by Ilya Kovalchuk.
14:58 of 2nd period - Joe Sakic wins face-off versus Jason Williams in Thrashers zone.
15:01 of 2nd period - Shot by Joe Sakic.
15:01 of 2nd period - Stopped by Kari Lehtonen without a rebound.
15:02 of 2nd period - Joe Sakic wins face-off versus Niko Kapanen in Thrashers zone.
15:05 of 2nd period - Shot by Peter Bondra.
15:05 of 2nd period - Shot Misses the Net.
15:18 of 2nd period - Shot by Ilya Kovalchuk.
15:18 of 2nd period - Shot Misses the Net.
15:21 of 2nd period - Shot by Niko Kapanen.
15:21 of 2nd period - Stopped by Martin Biron without a rebound.
15:22 of 2nd period - Brett McLean wins face-off versus Bobby Holik in Avalanche zone.
15:22 of 2nd period - Minor Penalty to Marian Hossa for Hooking.
15:23 of 2nd period - Bobby Holik wins face-off versus Joe Sakic in Avalanche zone.
15:56 of 2nd period - Shot by Joe Sakic.
15:56 of 2nd period - Stopped by Kari Lehtonen without a rebound.
15:57 of 2nd period - Robert Lang wins face-off versus Pierre Turgeon in Thrashers zone.
16:08 of 2nd period - Shot by Ales Kotalik.
16:08 of 2nd period - Stopped by Kari Lehtonen with a rebound.
18:14 of 2nd period - Off-side.
18:15 of 2nd period - Derek Armstrong wins face-off versus Marian Hossa in neutral zone.
18:25 of 2nd period - Icing by Philippe Boucher.
18:26 of 2nd period - Robert Lang wins face-off versus Joe Sakic in Thrashers zone.
18:28 of 2nd period - Icing by Marian Hossa.
18:29 of 2nd period - Robert Lang wins face-off versus Marek Svatos in Thrashers zone.
18:33 of 2nd period - Off-side.
18:34 of 2nd period - Niko Kapanen wins face-off versus Derek Armstrong in neutral zone.
18:45 of 2nd period - Shot by Ilya Kovalchuk.
18:45 of 2nd period - Shot Hit the Post.
19:57 of 2nd period - Marek Svatos is hit by Bobby Holik and loses puck.

Period #3

0:01 of 3rd period - Robert Lang wins face-off versus Joe Sakic in neutral zone.
0:08 of 3rd period - Shot by Marian Hossa.
0:08 of 3rd period - Shot Misses the Net.
0:13 of 3rd period - Shot by Marian Hossa.
0:13 of 3rd period - Shot Misses the Net.
0:14 of 3rd period - Shot by Andy Sutton.
0:14 of 3rd period - Shot Misses the Net.
0:17 of 3rd period - Shot by Alexander Frolov.
0:17 of 3rd period - Stopped by Martin Biron with a rebound.
0:20 of 3rd period - Shot by Marian Hossa.
0:20 of 3rd period - Shot Misses the Net.
0:21 of 3rd period - Shot by Andy Sutton.
0:21 of 3rd period - Shot Misses the Net.
0:22 of 3rd period - Shot by Philippe Boucher.
0:22 of 3rd period - Stopped by Martin Biron without a rebound.
0:23 of 3rd period - Derek Armstrong wins face-off versus Jason Williams in Avalanche zone.
0:32 of 3rd period - Shot by Brett Clark.
0:32 of 3rd period - Shot Misses the Net.
0:43 of 3rd period - Shot by Ilya Kovalchuk.
0:43 of 3rd period - Stopped by Martin Biron without a rebound.
0:44 of 3rd period - Niko Kapanen wins face-off versus Pierre Turgeon in Avalanche zone.
1:53 of 3rd period - Shot by Robert Lang.
1:53 of 3rd period - Stopped by Martin Biron with a rebound.
1:56 of 3rd period - Shot by Marian Hossa.
1:56 of 3rd period - Stopped by Martin Biron with a rebound.
1:59 of 3rd period - Shot by Alexander Frolov.
1:59 of 3rd period - Stopped by Martin Biron without a rebound.
2:00 of 3rd period - Joe Sakic wins face-off versus Jason Williams in Avalanche zone.
2:00 of 3rd period - Alexei Zhitnik is hit by Marian Hossa and loses puck.
2:12 of 3rd period - Shot by Jason Williams.
2:12 of 3rd period - Stopped by Martin Biron with a rebound.
2:17 of 3rd period - Shot by Marian Hossa.
2:17 of 3rd period - Stopped by Martin Biron without a rebound.
2:18 of 3rd period - Derek Armstrong wins face-off versus Bobby Holik in Avalanche zone.
2:32 of 3rd period - Minor Penalty to Ossi Vaananen for High sticking.
2:33 of 3rd period - Mike York wins face-off versus Jason Williams in Avalanche zone.
3:00 of 3rd period - Shot by Andrew Brunette.
3:00 of 3rd period - Stopped by Martin Biron without a rebound.
3:01 of 3rd period - Mike York wins face-off versus Robert Lang in Avalanche zone.
4:34 of 3rd period - Shot by Jim Slater.
4:34 of 3rd period - Shot Misses the Net.
5:19 of 3rd period - Shot by Peter Bondra.
5:19 of 3rd period - Stopped by Kari Lehtonen without a rebound.
5:20 of 3rd period - Pierre Turgeon wins face-off versus Jason Williams in Thrashers zone.
5:28 of 3rd period - Icing by Andrew Brunette.
5:29 of 3rd period - Ilya Kovalchuk wins face-off versus Joe Sakic in Thrashers zone.
5:40 of 3rd period - Shot by Ilya Kovalchuk.
5:40 of 3rd period - Stopped by Martin Biron with a rebound.
5:43 of 3rd period - Shot by Ilya Kovalchuk.
5:43 of 3rd period - Shot Blocked by Jordan Leopold.
5:44 of 3rd period - Shot by Niclas Havelid.
5:44 of 3rd period - Shot Blocked by Jordan Leopold.
5:47 of 3rd period - Shot by Ilya Kovalchuk.
5:47 of 3rd period - Stopped by Martin Biron without a rebound.
5:48 of 3rd period - Pierre Turgeon wins face-off versus Robert Lang in Avalanche zone.
6:01 of 3rd period - Shot by Robert Lang.
6:01 of 3rd period - Stopped by Martin Biron without a rebound.
6:02 of 3rd period - Bobby Holik wins face-off versus Brett McLean in Avalanche zone.
6:19 of 3rd period - Shot by Alexander Frolov.
6:19 of 3rd period - Stopped by Martin Biron without a rebound.
6:20 of 3rd period - Jason Williams wins face-off versus Pierre Turgeon in Avalanche zone.
6:35 of 3rd period - Shot by Peter Bondra.
6:35 of 3rd period - Stopped by Kari Lehtonen without a rebound.
6:36 of 3rd period - Joe Sakic wins face-off versus Niko Kapanen in Thrashers zone.
7:00 of 3rd period - Icing by Jordan Leopold.
7:01 of 3rd period - Robert Lang wins face-off versus Joe Sakic in Avalanche zone.
7:12 of 3rd period - Shot by Robert Lang.
7:12 of 3rd period - Shot Misses the Net.
7:34 of 3rd period - Minor Penalty to Marian Hossa for Interference.
7:35 of 3rd period - Pierre Turgeon wins face-off versus Robert Lang in Thrashers zone.
8:09 of 3rd period - Icing by Jordan Leopold.
8:10 of 3rd period - Pierre Turgeon wins face-off versus Robert Lang in Avalanche zone.
9:10 of 3rd period - Icing by Karlis Skrastins.
9:11 of 3rd period - Pierre Turgeon wins face-off versus Robert Lang in Avalanche zone.
9:37 of 3rd period - Peter Bondra is hit by Jason Williams and loses puck.
10:52 of 3rd period - Icing by Brett McLean.
10:53 of 3rd period - Brett McLean wins face-off versus Scott Mellanby in Avalanche zone.
11:27 of 3rd period - Joe Sakic is hit by Ilya Kovalchuk and loses puck.
11:37 of 3rd period - Shot by Joe Sakic.
11:37 of 3rd period - Shot Misses the Net.
11:53 of 3rd period - Minor Penalty to Garnet Exelby for Elbowing.
11:54 of 3rd period - Pierre Turgeon wins face-off versus Robert Lang in neutral zone.
12:45 of 3rd period - Shot by Marek Svatos.
12:45 of 3rd period - Shot Blocked by Andy Sutton.
12:50 of 3rd period - Shot by Joe Sakic.
12:50 of 3rd period - Stopped by Kari Lehtonen without a rebound.
12:51 of 3rd period - Robert Lang wins face-off versus Joe Sakic in Thrashers zone.
12:59 of 3rd period - Icing by Karlis Skrastins.
13:00 of 3rd period - Robert Lang wins face-off versus Ales Kotalik in Avalanche zone.
14:20 of 3rd period - Niko Kapanen is hit by Pierre Turgeon and loses puck.
14:22 of 3rd period - Shot by Braydon Coburn.
14:22 of 3rd period - Shot Blocked by Wojtek Wolski.
14:23 of 3rd period - Shot by Garnet Exelby.
14:23 of 3rd period - Stopped by Martin Biron without a rebound.
14:24 of 3rd period - Pavel Vorobiev wins face-off versus Jason Williams in Avalanche zone.
14:35 of 3rd period - Shot by Pavel Vorobiev.
14:35 of 3rd period - Stopped by Kari Lehtonen with a rebound.
14:59 of 3rd period - Off-side.
15:00 of 3rd period - Derek Armstrong wins face-off versus Bobby Holik in neutral zone.
15:59 of 3rd period - Shot by Marek Svatos.
15:59 of 3rd period - Shot Blocked by Philippe Boucher.
16:52 of 3rd period - Shot by Niko Kapanen.
16:52 of 3rd period - Stopped by Martin Biron without a rebound.
16:53 of 3rd period - Brett McLean wins face-off versus Jason Williams in Avalanche zone.
17:13 of 3rd period - Off-side.
17:14 of 3rd period - Niko Kapanen wins face-off versus Pierre Turgeon in neutral zone.
17:14 of 3rd period - Minor Penalty to Jaroslav Spacek for Clipping.
17:15 of 3rd period - Jason Williams wins face-off versus Mike York in neutral zone.
17:36 of 3rd period - Shot by Robert Lang.
17:36 of 3rd period - Stopped by Martin Biron without a rebound.
17:37 of 3rd period - Robert Lang wins face-off versus Joe Sakic in Avalanche zone.
17:53 of 3rd period - Icing by Andy Sutton.
17:54 of 3rd period - Ilya Kovalchuk wins face-off versus Joe Sakic in Thrashers zone.
19:35 of 3rd period - Shot by Wojtek Wolski.
19:35 of 3rd period - Shot Blocked by Garnet Exelby.
19:38 of 3rd period - Shot by Pierre Turgeon.
19:38 of 3rd period - Shot Misses the Net.
19:41 of 3rd period - Shot by Peter Bondra.
19:41 of 3rd period - Shot Blocked by Braydon Coburn.
19:44 of 3rd period - Shot by Pierre Turgeon.
19:44 of 3rd period - Shot Misses the Net.
19:47 of 3rd period - Shot by Wojtek Wolski.
19:47 of 3rd period - Stopped by Kari Lehtonen without a rebound.
19:48 of 3rd period - Derek Armstrong wins face-off versus Bobby Holik in Thrashers zone.
19:51 of 3rd period - Shot by Vyacheslav Kozlov.
19:51 of 3rd period - Shot Blocked by Vitaly Vishnevski.
19:53 of 3rd period - Icing by Marian Hossa.
19:54 of 3rd period - Bobby Holik wins face-off versus Derek Armstrong in Thrashers zone.


Output by the SimonT Hockey Simulator (STHS) for Stephane Roy -- Original Page W3C XHTML 1.0 Valid